 Dungeon Crawl Stone Soup version 0.22-a0-825-ga28c36f (webtiles) character file.

6639 Gildeon the Cleaver (level 10, -7/84 HPs)
             Began as a Minotaur Fighter on July 24, 2018.
             Mangled by a death yak (17 damage)
             ... on level 9 of the Dungeon.
             The game lasted 00:23:25 (7964 turns).

Gildeon the Cleaver (Minotaur Fighter)              Turns: 7964, Time: 00:23:27

Health: -7/84      AC: 16    Str: 22    XL:     10   Next: 72%
Magic:  4/6        EV: 14    Int: 13    God:    Xom [....*.]
Gold:   466        SH:  0    Dex: 21    Spells: 17/18 levels left

rFire    + . .     SeeInvis .   C - +0 battleaxe
rCold    + + .     Gourm    .   (shield currently unavailable)
rNeg     . . .     Faith    .   e - +1 plate armour
rPois    +         Spirit   .   (helmet restricted)
rElec    +         Reflect  .   h - +0 cloak
rCorr    .         Harm     .   u - +1 pair of gloves of Ile Dal {rC++ MP-9 Int+3}
MR       +....                  (no boots)
Stlth    ..........             (no amulet)
HPRegen  0.24/turn              g - +5 ring of dexterity
MPRegen  0.10/turn              E - ring "Miaros" {rElec rPois rF+ MR+ Int+4}

@: agile
A: retaliatory headbutt, horns 2
a: Renounce Religion


You were on level 9 of the Dungeon.
You worshipped Xom.
You were a beloved toy of Xom.
You were not hungry.

You visited 2 branches of the dungeon, and saw 10 of its levels.

You collected 466 gold pieces.

Inventory:

Hand Weapons
 a - a +1 war axe
 d - a +4 scimitar of flaming
 C - a +0 battleaxe (weapon)
Armour
 e - a +1 plate armour (worn)
 h - a +0 cloak (worn)
 u - the +1 pair of gloves of Ile Dal (worn) {rC++ MP-9 Int+3}
   (You found it on level 4 of the Dungeon)

   It affects your intelligence (+3).
   It greatly protects you from cold.
   It affects your magic capacity (-9).
Jewellery
 g - a +5 ring of dexterity (left hand)
 j - an uncursed ring of see invisible
 s - an uncursed ring of flight
 x - an uncursed ring of ice
 z - an uncursed ring of positive energy
 E - the ring "Miaros" (right hand) {rElec rPois rF+ MR+ Int+4}
   (You found it on level 7 of the Dungeon)

   [ring of protection from fire]

   It affects your intelligence (+4).
   It protects you from fire.
   It insulates you from electricity.
   It protects you from poison.
   It affects your resistance to hostile enchantments.
Wands
 m - a wand of random effects (13)
 o - a wand of polymorph (8)
Scrolls
 c - a scroll of amnesia
 i - 4 scrolls of remove curse
 p - 5 scrolls of teleportation
 F - a scroll of fog
Potions
 b - 2 potions of lignification
 k - 2 potions of agility
 l - 3 potions of heal wounds
 n - 5 potions of haste {unknown}
 q - a potion of cancellation {unknown}
 r - 2 potions of flight
 v - 3 potions of curing
 w - a potion of brilliance {unknown}
 A - 2 potions of degeneration {unknown}
 B - a potion of invisibility {unknown}
Comestibles
 f - 11 rations
 t - a chunk of flesh


   Skills:
 + Level 6.3 Fighting
 * Level 13.6 Axes
 - Level 5.1 Armour
 - Level 5.0 Dodging
   Level 3.6 Shields
 + Level 4.5 Spellcasting
 + Level 1.0 Conjurations
 - Level 5.0 Evocations


You had 17 spell levels left.
You knew the following spells:

 Your Spells              Type           Power        Failure   Level  Hunger
a - Flame Tongue          Conj/Fire      #....        97%         1    None

Your spell library contained the following spells:

 Spells                   Type           Power        Failure   Level  Hunger
 Fireball                 Conj/Fire      #.........   100%        5    ######.
 Conjure Flame            Conj/Fire      #.......     100%        3    ###....
 Throw Flame              Conj/Fire      #.....       99%         2    ##.....
 Summon Small Mammal      Summ           #...         98%         1    None
 Sticky Flame             Conj/Fire      #.......     100%        4    ####...
 Summon Ice Beast         Ice/Summ       #.......     100%        4    ####...
 Call Imp                 Summ           #.......     99%         2    ##.....
 Call Canine Familiar     Summ           #.......     100%        3    ###....
 Inner Flame              Hex/Fire       #.......     100%        3    ###....
 Summon Lightning Spire   Summ/Air       #.......     100%        4    ####...
 Summon Guardian Golem    Hex/Summ       #.......     100%        3    ###....


Dungeon Overview and Level Annotations

Branches:
Dungeon (9/15)             Temple (1/1) D:4            Lair (0/6) D:9
    Orc: D:9-12

Altars:
Ashenzari
Cheibriados
Dithmenos
Elyvilon
Fedhas
Gozag
Hepliaklqana
Kikubaaqudgha
Makhleb
Nemelex Xobeh
Okawaru
Qazlal
Ru
Sif Muna
Trog
Uskayaw
Vehumet
Wu Jian
Xom
Yredelemnul
Zin
The Shining One

Shops:
D:4 *   D:7 [   D:9 }=

Annotations:
D:4 HydraWiggins's ghost, amateur TrAs


Innate Abilities, Weirdness & Mutations

You reflexively headbutt those who attack you in melee.
You have a pair of horns on your head.


Message History

You barely miss the yak. You slash the death yak!
You hit the death yak but do no damage.
The death yak gores you but does no damage.
The death yak gores you!
A quokka comes into view.
The yak misses you. You furiously retaliate!
You headbutt the yak.
Unknown command.
You slash the death yak! You headbutt the death yak!
The death yak is heavily wounded.
You closely miss the yak. You hit the death yak but do no damage.
You closely miss the yak. The death yak closely misses you.
The death yak gores you!
The yak gores you but does no damage. x2
You feel agile all of a sudden.
A bullfrog comes into view.
The yak barely misses you. You furiously retaliate!
You headbutt the yak. The death yak gores you!!
* * * LOW HITPOINT WARNING * * *
The death yak gores you!
You die...
Xom snickers!

******** *, ,,,,,,,,,,*,,
#....F...,,,,, ,, *******
########.r......,,, ,, ,,,,,,
>...≈≈≈...}......,, , ,,,, ,
,....≈≈≈≈≈......., ,,,*,,,,,
,,,,,.......∩≈≈......,,
,>,,,, ,, ,, ......≈≈≈≈≈.h..#
,,,,, ,,,,** ,
,,.......≈≈≈.YYY.#*,, ,,,
,,,*
,,,,............@YY#*,,,,,,,
** , ......$......Y.#
..,,,,,,* ,
,,...............##.......,,*
,,,,...............##.......,
*** ,,
.......................,, ,
,,,,...................... ,
,,, ,
,,....................#*****
* , ....................# ,
,,..........|.........#


You could see 2 death yaks, 4 yaks, a bullfrog (wandering), a howler monkey and
a quokka.

Vanquished Creatures
  Erica (D:8)
  A two-headed ogre (D:8)
  Pikel (D:8)
  Psyche (D:8)
  Grinder (D:4)
  2 hippogriffs
  A spriggan (D:8)
  Eustachio (D:6)
  2 hungry ghosts
  Menkaure (D:7)
  3 orc warriors
  A sky beast (D:9)
  Duvessa (D:4)
  An ice beast (D:6)
  A necrophage (D:9)
  3 ogres
  An eye of draining (D:9)
  2 centaurs
  2 bullfrogs
  A wyvern zombie (D:7)
  Dowan (D:4)
  3 scorpions
  5 killer bees (D:9)
  A howler monkey (D:6)
  3 crimson imps
  A bullfrog zombie (D:9)
  2 hounds
  2 orc wizards
  A bullfrog skeleton (D:5)
  4 orc priests (D:7)
  Terence (D:2)
  Natasha (twice) (D:2)
  2 centaur skeletons
  3 iguanas
  A hell rat (D:9)
  3 worker ants
  A hound zombie (D:9)
  Robin (D:2)
  7 adders
  6 gnolls
  2 oozes
  2 worms (D:3)
  2 dart slugs
  6 leopard geckos
  12 orcs
  2 giant cockroaches
  15 goblins
  11 hobgoblins
  16 jackals
  6 kobolds
  4 quokkas
  3 ball pythons
  6 bats
  3 frilled lizards
  3 rats
171 creatures vanquished.

Vanquished Creatures (collateral kills)
  An ice beast (D:9)
  A howler monkey (D:9)
2 creatures vanquished.

Vanquished Creatures (others)
  A death yak (D:9)
  3 slaves (D:8)
  A crimson imp (D:8)
  3 orcs (D:8)
  A jackal (D:8)
9 creatures vanquished.

Grand Total: 182 creatures vanquished

Notes
Turn   | Place    | Note
-------+----------+-------------------------------------------
     0 | D:1      | Gildeon the Minotaur Fighter began the quest for the Orb.
     0 | D:1      | Reached XP level 1. HP: 19/19 MP: 0/0
   297 | D:1      | Reached XP level 2. HP: 26/27 MP: 1/1
   468 | D:1      | Reached skill level 3 in Axes
   518 | D:1      | Reached skill level 1 in Dodging
   782 | D:2      | Reached XP level 3. HP: 31/33 MP: 2/2
   786 | D:2      | Noticed Robin
   794 | D:2      | Killed Robin
   968 | D:2      | Reached XP level 4. HP: 38/40 MP: 3/3
   977 | D:2      | Noticed Natasha
   983 | D:2      | Killed Natasha
   983 | D:2      | Reached skill level 4 in Axes
  1187 | D:2      | Noticed Terence
  1191 | D:2      | Killed Terence
  1275 | D:2      | Found a bloodstained altar of Trog.
  1366 | D:2      | Reached XP level 5. HP: 47/47 MP: 4/4
  1433 | D:2      | Noticed Natasha
  1439 | D:2      | Killed Natasha
  1881 | D:3      | Reached skill level 5 in Axes
  1881 | D:3      | Reached XP level 6. HP: 55/55 MP: 5/5
  2030 | D:3      | Found a sacrificial altar of Ru.
  2262 | D:4      | Noticed Duvessa
  2264 | D:4      | Noticed Dowan
  2268 | D:4      | Killed Duvessa
  2268 | D:4      | Reached skill level 5 in Fighting
  2268 | D:4      | Reached skill level 5 in Armour
  2269 | D:4      | Killed Dowan
  2276 | D:4      | Found Gozag's Platinum Reserve.
  2277 | D:4      | Found an opulent altar of Gozag.
  2319 | D:4      | Found a runed door.
  2325 | D:4      | Reached skill level 6 in Axes
  2429 | D:4      | Found a staircase to the Ecumenical Temple.
  2441 | Temple   | Entered the Ecumenical Temple
  2898 | D:4      | Reached XP level 7. HP: 43/61 MP: 6/6
  3016 | D:4      | Noticed Grinder
  3021 | D:4      | Paralysed by Grinder for 6 turns
  3029 | D:4      | Killed Grinder
  3029 | D:4      | Reached skill level 7 in Axes
  3033 | D:4      | Got a pair of faintly glowing gloves
  3039 | D:4      | Identified the +1 pair of gloves of Ile Dal {rC++ MP-9 Int+3} (You found it on level 4 of the Dungeon)
  3088 | D:4      | Noticed HydraWiggins's ghost (amateur TrAs)
  3121 | D:5      | Entered Level 5 of the Dungeon
  3156 | D:5      | Learned a level 1 spell: Flame Tongue
  3300 | D:5      | Found a shattered altar of Ashenzari.
  3363 | D:5      | Found a blossoming altar of Fedhas.
  3989 | D:6      | Reached skill level 8 in Axes
  4203 | D:6      | Reached skill level 5 in Dodging
  4203 | D:6      | Reached XP level 8. HP: 60/68 MP: 0/7
  4405 | D:6      | Noticed Eustachio
  4430 | D:6      | Killed Eustachio
  4430 | D:6      | Reached skill level 1 in Evocations
  4535 | D:6      | Reached skill level 9 in Axes
  4549 | D:6      | Reached skill level 1 in Spellcasting
  4890 | D:6      | Found a burning altar of Makhleb.
  4891 | D:6      | Found a hazy altar of Hepliaklqana.
  5012 | D:7      | Found Meemm's Armour Shoppe.
  5016 | D:7      | Noticed a hippogriff
  5027 | D:7      | Killed a hippogriff
  5332 | D:7      | Reached skill level 10 in Axes
  5351 | D:7      | Reached XP level 9. HP: 71/74 MP: 2/11
  5841 | D:7      | Got a coiled glass ring
  5858 | D:7      | Found a stormy altar of Qazlal.
  5858 | D:7      | Found a shimmering altar of Xom.
  5873 | D:7      | Became a worshipper of Xom the Begetter of Turbulence
  5929 | D:7      | Noticed Menkaure
  5934 | D:7      | Killed Menkaure
  6048 | D:7      | XOM: silly message
  6317 | D:7      | XOM: cloud trail
  6318 | D:8      | Noticed a two-headed ogre
  6328 | D:8      | Killed a two-headed ogre
  6328 | D:8      | Reached skill level 11 in Axes
  6404 | D:8      | XOM: divination: detect items
  6486 | D:8      | XOM: harmless Chrm miscast
  6567 | D:8      | Noticed Pikel
  6576 | D:8      | XOM: cast spell 'Summon Butterflies'
  6588 | D:8      | Killed Pikel
  6588 | D:8      | Reached skill level 12 in Axes
  6592 | D:8      | XOM: enchant monster (bad)
  6611 | D:8      | Reached XP level 10. HP: 78/81 MP: 5/14
  6636 | D:8      | Noticed Erica
  6637 | D:8      | XOM: divination: detect creatures
  6646 | D:8      | Reached skill level 5 in Evocations
  6657 | D:8      | HP: 4/81 [something (2)]
  6662 | D:8      | HP: 3/121 [poisoned by Erica (bolt of poison)]
  6664 | D:8      | Killed Erica
  6760 | D:8      | XOM: silly message
  6934 | D:8      | XOM: harmless Ice miscast
  7098 | D:8      | Noticed Psyche
  7105 | D:8      | Killed Psyche
  7114 | D:8      | Identified the ring "Miaros" {rElec rPois rF+ MR+ Int+4} (You found it on level 7 of the Dungeon)
  7251 | D:8      | XOM: silly message
  7314 | D:8      | XOM: scenery: create altars
  7317 | D:8      | Reached skill level 13 in Axes
  7611 | D:9      | XOM: 1-stop teleportation journey
  7614 | D:9      | XOM: summons 8 friendly demons
  7627 | D:9      | Found Wejoesk's Jewellery Emporium.
  7837 | D:9      | XOM: 1-stop teleportation journey
  7947 | D:9      | Found Yqoacw's Gadget Shoppe.
  7949 | D:9      | Noticed a death yak
  7951 | D:9      | Noticed a death yak
  7952 | D:9      | Noticed a death yak
  7953 | D:9      | XOM: divination: magic mapping
  7955 | D:9      | Killed a death yak
  7955 | D:9      | Reached skill level 1 in Conjurations
  7955 | D:9      | XOM: divine lightning
  7964 | D:9      | Mangled by a death yak

Vault maps used:
D:1:      dpeg_arrival_rooms_a, corexii_item_surrounded_by_moat
D:2:      first_ration, trog_book, uniq_robin, uniq_terence, uniq_natasha
D:3:      lemuel_crystal_altar
D:4:      nicolae_gozag_zags_fifth_avenue, minmay_temple_entry_large_hall,
          ebering_ghost_sewer_d, uniq_duvessa, uniq_grinder
D:5:      evilmike_ruin_ashenzari, kennysheep_little_box, minivault_27
D:6:      grunt_temple_overflow_open, kennysheep_generic_room_11, uniq_eustachio
D:7:      gammafunk_temple_overflow_pools, serial_shops, shop, uniq_menkaure
D:8:      grunt_pizzeria, minmay_door_square, uniq_psyche, uniq_pikel,
          uniq_erica
D:9:      dpeg_lair_monsters, serial_shops, nicolae_shop_behind_doors,
          shop_fountains, nicolae_shop_waterfront, shop
Temple:   minmay_temple_curvy_branch

Skill      XL: |  1  2  3  4  5  6  7  8  9 10 |
---------------+-------------------------------+-----
Axes           | 3 4 5 6 8 10 12 13 | 13.6
Dodging        | 1 2 3 5 |  5.0
Fighting       | 4 5 6 |  6.3
Armour         | 4 5 |  5.1
Evocations     | 3 4 5 |  5.0
Spellcasting   | 2 3 4 |  4.5
Conjurations   | 1 |  1.0
Shields        | |  3.6

Action                   |  1- 3 |  4- 6 |  7- 9 | 10-12 || total
-------------------------+-------+-------+-------+-------++-------
Melee: War axe           |   108 |    99 |   111 |       ||   318
       Headbutt          |    11 |    25 |    43 |    30 ||   109
       Battleaxe         |       |       |    54 |   108 ||   162
  Use: Scroll            |     4 |     6 |     4 |     4 ||    18
       Potion            |       |     1 |     1 |     5 ||     7
  Eat: Ration            |       |     2 |     3 |     1 ||     6
       Chunk             |       |     2 |     3 |     2 ||     7
Armor: Plate armour      |    82 |    73 |    83 |    81 ||   319
       Skin              |       |       |       |     5 ||     5
Dodge: Dodged            |    62 |    35 |    72 |    69 ||   238

Table legend:
 A = Spawn XP
 B = Non-spawn XP
 C = Spawn XP percentage of total XP
 D = Spawn monster count
 E = Non-spawn monster count
 F = Spawn count percentage of total count
 G = Total turns spent on level
                    A         B        C        D         E        F      G
               +---------+---------+-------+---------+---------+-------+---------
         Total |       0 |    9485 |   0.0 |       0 |     174 |   0.0 |  7964
               +---------+---------+-------+---------+---------+-------+---------
           D:1 |       0 |      35 |   0.0 |       0 |      20 |   0.0 |   771
           D:2 |       0 |     197 |   0.0 |       0 |      31 |   0.0 |   674
           D:3 |       0 |     187 |   0.0 |       0 |      28 |   0.0 |   712
           D:4 |       0 |     695 |   0.0 |       0 |      11 |   0.0 |   735
           D:5 |       0 |     167 |   0.0 |       0 |      10 |   0.0 |   831
           D:6 |       0 |     812 |   0.0 |       0 |      10 |   0.0 |  1035
           D:7 |       0 |    1442 |   0.0 |       0 |      20 |   0.0 |  1331
           D:8 |       0 |    4201 |   0.0 |       0 |      22 |   0.0 |  1137
           D:9 |       0 |    1749 |   0.0 |       0 |      22 |   0.0 |   509
               +---------+---------+-------+---------+---------+-------+---------
